 Dungeon Crawl Stone Soup version 0.19-a0-1697-g0595f0e (webtiles) character file.

823 vev the Poker (level 7, -17/50 HPs)
             Began as a Merfolk Chaos Knight on Sept 26, 2016.
             Demolished by a soul eater (20 damage)
             ... summoned by Xom
             ... on level 5 of the Dungeon.
             The game lasted 00:14:10 (4056 turns).

vev the Poker (Merfolk Chaos Knight)                Turns: 4056, Time: 00:14:11

Health: -17/50     AC: 10    Str: 14    XL:     7   Next: 96%
Magic:  16/16      EV: 12    Int:  8    God:    Xom [.....*]
Gold:   262        SH:  0    Dex: 11    Spells: 0 memorised, 6 levels left

rFire  + . .     SeeInvis .     b - +0 halberd
rCold  . . .     Gourm    .     s - +2 ring mail {rF+}
rNeg   . . .     Faith    .     (shield currently unavailable)
rPois  .         Spirit   .     (no helmet)
rElec  .         Dismiss  .     z - +0 cloak
rCorr  .         Reflect  .     (no gloves)
MR     .....     Harm     +     l - +0 pair of boots
Stlth  ++........               i - amulet of harm
                                (no ring)
                                m - ring of magical power

@: drained
A: change form in water, swift swim, stealthy swim, blurry vision 1, clumsy 1,
dopey 2, frail 1
a: Renounce Religion


You were on level 5 of the Dungeon.
You worshipped Xom.
You were Xom's teddy bear.
You were hungry.

You visited 1 branch of the dungeon, and saw 5 of its levels.

You collected 262 gold pieces.

Inventory:

Hand Weapons
 a - a +0 spear of chaos
 b - a +0 halberd (weapon)
 t - a +0 blowgun
 u - a +0 trident
Missiles
 x - 5 poisoned needles
 C - 2 throwing nets (quivered)
Armour
 l - a +0 pair of boots (worn)
 s - a +2 ring mail of fire resistance (worn)
 z - a +0 cloak (worn)
Jewellery
 i - an amulet of harm (around neck)
 k - an uncursed amulet of regeneration {unknown}
 m - a ring of magical power (left hand)
Wands
 A - a wand of flame (29/48)
 B - a wand of lightning (8/15)
Scrolls
 d - 2 scrolls of enchant weapon {unknown}
 e - 7 scrolls of identify {unknown}
 h - a scroll of enchant armour {unknown}
 j - 2 scrolls of magic mapping {unknown}
 n - 5 scrolls of remove curse {unknown}
 o - a scroll of random uselessness {unknown}
 q - a scroll of teleportation {unknown}
 r - a scroll of recharging {unknown}
 y - a scroll of blinking {unknown}
Potions
 p - a potion of heal wounds {unknown}
 w - 2 potions of curing {unknown}
Comestibles
 c - 2 bread rations
 f - 2 meat rations
 v - a fruit


   Skills:
 - Level 5.0(4.7) Fighting
 + Level 7.0(6.6) Polearms
 - Level 3.3(2.9) Armour
 - Level 5.5(5.2) Dodging
 - Level 3.9(3.6) Stealth


You had 6 spell levels left.
You didn't know any spells.

Dungeon Overview and Level Annotations

Branches:
Dungeon (5/15)
 Temple: D:4-7

Altars:
Xom


Innate Abilities, Weirdness & Mutations

You revert to your normal form in water.
You are very nimble and swift while swimming.
You are very stealthy in the water.
Scrolls take you a little longer to read.
You are clumsy. (Dex -2)
You are very dopey. (Int -4)
You are frail. (-10% HP)


Message History

You closely miss the soul eater. The soul eater hits you!
You feel drained. The crimson imp closely misses you.
You hit the soul eater.
The soul eater is lightly wounded.
The soul eater hits you!
A shower of butterflies erupts from you!
The crimson imp hits you but does no damage.
You barely miss the soul eater.
The soul eater is lightly wounded.
The soul eater draws from the surrounding life force!
* * * LOW HITPOINT WARNING * * *
Your butterfly dies! x2
The soul eater is healed.
The crimson imp hits you but does no damage.
Okay, then.
Okay, then.
Really read with blurry vision while enemies are nearby?
The soul eater hits you!
You die...
Xom is highly amused!

#.....# #.....#
#.....## #.
###....### #. ###
#........#### #. ..#
#............ #. #.#
#........#### #. #5#
#........## #.##@#
#.........### #..#3##
#<...........
##.#..###........####
#......#.........#
#......#....##.######
#....................
#.......#.#####.####.
#..<....#.# #...#
#.......#.# ###.##


You could see a soul eater and a crimson imp.

Vanquished Creatures
  The ghost of Xiguana the Skirmisher, an amateur DsCK of Xom (D:3)
  A wasp (D:4)
  2 howler monkeys (D:4)
  An iguana (D:4)
  2 orc wizards (D:4)
  4 worker ants (D:4)
  5 gnolls (D:4)
  6 adders
  A shadow imp (D:3)
  An adder zombie (D:5)
  3 dart slugs
  2 worms (D:4)
  5 leopard geckos
  18 orcs
  3 ball pythons
  2 giant cockroaches (D:1)
  5 goblins
  4 hobgoblins
  3 jackals (D:1)
  5 kobolds
  6 bats
  6 frilled lizards
  9 rats
95 creatures vanquished.

Vanquished Creatures (collateral kills)
  Eustachio (D:4)
1 creature vanquished.

Vanquished Creatures (others)
  Menkaure (D:4)
1 creature vanquished.

Grand Total: 97 creatures vanquished

Notes
Turn   | Place    | Note
-------+----------+-------------------------------------------
     0 | D:1      | vev the Merfolk Chaos Knight began the quest for the Orb.
     0 | D:1      | Reached XP level 1. HP: 18/18 MP: 1/1
    13 | D:1      | Noticed a minotaur skeleton
    18 | D:1      | Noticed a minotaur skeleton
    20 | D:1      | Noticed a minotaur skeleton
    91 | D:1      | Reached XP level 2. HP: 24/24 MP: 2/2
   366 | D:1      | Reached skill level 5 in Polearms
   428 | D:1      | Reached skill level 1 in Armour
   441 | D:1      | XOM: divination: magic mapping
   605 | D:1      | Reached XP level 3. HP: 29/29 MP: 3/3
   851 | D:2      | XOM is BORED!
   851 | D:2      | XOM: silly message
   911 | D:2      | XOM: harmless Tmut miscast
  1243 | D:2      | Reached XP level 4. HP: 37/37 MP: 4/4
  1254 | D:2      | Reached skill level 1 in Stealth
  1640 | D:3      | Noticed Xiguana's ghost (amateur DsCK)
  1643 | D:3      | XOM: enchant monster (good)
  1822 | D:2      | XOM: scenery: create altars
  1898 | D:3      | XOM: smoke on damage
  2053 | D:3      | XOM: harmless Summ miscast
  2219 | D:3      | Reached XP level 5. HP: 36/42 MP: 5/5
  2473 | D:4      | XOM: divination: detect items
  2495 | D:4      | Noticed a phantom
  2512 | D:3      | XOM: confusion (+ monsters)
  2532 | D:3      | XOM: severe Tmut miscast
  2535 | D:3      | XOM: cast spell 'Ring of Flames'
  2540 | D:3      | XOM: confuse monster(s)
  2565 | D:3      | Killed Xiguana's ghost
  2565 | D:3      | Reached XP level 6. HP: 41/49 MP: 6/6
  2566 | D:3      | Gained mutation: You are dopey. (Int -2) [mutagenic glow]
  2617 | D:3      | Gained mutation: You are frail. (-10% HP) [mutagenic glow]
  2647 | D:4      | Gained mutation: Scrolls take you a little longer to read. [mutagenic glow]
  2680 | D:4      | Gained mutation: You are very dopey. (Int -4) [mutagenic glow]
  2681 | D:4      | XOM: swap monsters
  2736 | D:4      | Gained mutation: You are clumsy. (Dex -2) [mutagenic glow]
  2865 | D:4      | XOM: harmless Tmut miscast
  3038 | D:4      | XOM: harmless Tloc miscast
  3054 | D:4      | XOM: harmless Hex miscast
  3058 | D:4      | Reached skill level 6 in Polearms
  3058 | D:4      | Reached XP level 7. HP: 49/49 MP: 7/7
  3065 | D:4      | Noticed Menkaure
  3073 | D:4      | Noticed Eustachio
  3073 | D:4      | Killed Menkaure
  3073 | D:4      | XOM: divine lightning (protected)
  3075 | D:4      | XOM: summons 3 friendly demons
  3085 | D:4      | Killed Eustachio
  3085 | D:4      | Reached skill level 5 in Dodging
  3420 | D:4      | XOM: enchant monster (good)
  3424 | D:4      | XOM: polymorph gnoll -> howler monkey
  3430 | D:4      | XOM: polymorph howler monkey -> wasp
  3434 | D:4      | Reached skill level 5 in Fighting
  3447 | D:4      | XOM: mild Chrm miscast
  3686 | D:4      | XOM: polymorph adder -> worker ant
  3712 | D:4      | Reached skill level 7 in Polearms
  3989 | D:5      | Entered Level 5 of the Dungeon
  4051 | D:5      | XOM: summons 2 hostile demons
  4052 | D:5      | Noticed a soul eater
  4054 | D:5      | XOM: butterfly on damage
  4056 | D:5      | Demolished by a soul eater

Vault maps used:
D:1:      shiori_arrival_whats_in_store_for_you, st_stairs_6
D:2:      hex_tiny, serial_bayou_lagoon_a, st_stairs_14
D:3:      st_stairs_4
D:4:      cheibrodos_quashed, uniq_eustachio, uniq_menkaure
D:5:      serial_shops, shop, first_bread, uniq_edmund

Skill      XL: |  1  2  3  4  5  6  7 |
---------------+----------------------+-----
Polearms       | 5 6 7 |  7.0
Dodging        | 3 4 5 |  5.5
Armour         | 1 2 3 |  3.3
Stealth        | 1 2 3 |  3.9
Fighting       | 4 5 |  5.0

Action                   |  1- 3 |  4- 6 |  7- 9 || total
-------------------------+-------+-------+-------++-------
Melee: Spear             |   118 |   228 |    98 ||   444
       Halberd           |       |       |    26 ||    26
  Use: Potion            |       |     2 |     2 ||     4
 Stab: Sleeping          |     2 |     1 |     3 ||     6
       Confused          |     3 |     2 |     1 ||     6
       Petrified         |     3 |    12 |       ||    15
       Invisible         |       |     3 |     1 ||     4
       Petrifying        |       |     3 |     2 ||     5
  Eat: Chunk             |     1 |     6 |     3 ||    10
Armor: Leather armour    |    24 |    12 |       ||    36
       Ring mail         |       |    41 |    26 ||    67
       Skin              |       |     4 |       ||     4
Dodge: Dodged            |    55 |    72 |    45 ||   172
